 Dungeon Crawl Stone Soup version 0.19.4 (webtiles) character file.

149 dngmouse the Insei (level 5, -1/40 HPs)
             Began as a Draconian Transmuter on Feb 4, 2017.
             Slain by an adder (4 damage)
             ... on level 3 of the Dungeon.
             The game lasted 00:06:40 (1993 turns).

dngmouse the Insei (Draconian Transmuter)           Turns: 1993, Time: 00:06:41

Health: -1/40      AC:  6    Str: 12    XL:     5   Next: 9%
Magic:  7/8        EV: 17    Int: 14    God:
Gold:   90         SH:  0    Dex: 17    Spells: 2 memorised, 5 levels left

rFire  . . .     SeeInvis .       - Unarmed
rCold  . . .     Gourm    .     (armour unavailable)
rNeg   . . .     Faith    .     (no shield)
rPois  .         Spirit   .     (helmet restricted)
rElec  .         Reflect  .     (no cloak)
rCorr  .         Harm     .     (no gloves)
MR     .....                    t - +0 pair of boots (curse)
Stlth  +++.......               (no amulet)
                                (no ring)
                                (no ring)

@: agile, appendage
A: unfitting armour, horns 2, cold-blooded, AC +5
a: End Transformation


You were on level 3 of the Dungeon.
You were not hungry.
You had grown temporary horns.
You visited 1 branch of the dungeon, and saw 3 of its levels.

You collected 90 gold pieces.

Inventory:

Missiles
 a - 28 arrows
Armour
 t - a cursed +0 pair of boots (worn)
Jewellery
 q - a +6 ring of protection {unknown}
Scrolls
 g - 4 scrolls of remove curse {unknown}
 i - a scroll of magic mapping {unknown}
 j - a scroll of noise {unknown}
 n - a scroll of amnesia {unknown}
 o - a scroll of enchant armour {unknown}
 p - a scroll of recharging {unknown}
 s - a scroll of teleportation {unknown}
 u - a scroll of identify {unknown}
Potions
 e - 4 potions of curing
 h - a potion of agility
 k - a potion of invisibility {unknown}
 l - a potion of mutation {unknown}
 m - 2 potions of degeneration {unknown}
Books
 b - a book of Changes

   Spells                             Type                      Level
   a - Beastly Appendage              Transmutation                1
   b - Sticks to Snakes               Transmutation                2
   c - Spider Form                    Transmutation/Poison         3
   d - Ice Form                       Ice/Transmutation            4
   e - Blade Hands                    Transmutation                5
Comestibles
 c - 3 bread rations
 d - 4 meat rations
 r - a slice of pizza


   Skills:
 - Level 1.1 Fighting
 - Level 1.7 Dodging
 + Level 4.6 Unarmed Combat
 - Level 2.0 Spellcasting
 + Level 3.9 Transmutations


You had 5 spell levels left.
You knew the following spells:

 Your Spells              Type           Power        Failure   Level  Hunger
a - Beastly Appendage     Tmut           ##....       6%          1    ##.....
b - Sticks to Snakes      Tmut           ##......     10%         2    ###....


Dungeon Overview and Level Annotations

Branches:
Dungeon (3/15)

Altars:


Innate Abilities, Weirdness & Mutations

Your plain brown scales are hard. (AC +5)
You cannot fit into any form of body armour.
You are cold-blooded and may be slowed by cold attacks.
You have a pair of horns on your head.


Message History

You miss the adder.
The orc shouts!
Your headbutt misses the adder.
The adder is almost dead.
The orc priest invokes the aid of Beogh against you.
Beogh smites you!
* * * LOW HITPOINT WARNING * * *
The adder misses you.
An orc comes into view. It is wielding a flail.
The orc shouts!
It was a potion of curing.
You feel better. The adder closely misses you.
The orc priest invokes the aid of Beogh against you.
Beogh smites you!
* * * LOW HITPOINT WARNING * * *
It was a potion of agility.
You feel agile all of a sudden. The adder bites you.
* * * LOW HITPOINT WARNING * * *
The adder bites you.
You die...

## # .# ..# ##..#
#o# .#..# #o#
##..# #o# .##.##
#o# ..#..# #o#
#.#..# #S#
.....###### #@#
##........######.#
######.#........#
#...######## ##.##
#.# #.# #.# #.#


You could see an orc priest, an adder and 4 orcs.

Vanquished Creatures
  Natasha (D:2)
  4 gnolls (D:3)
  2 adders (D:2)
  3 worms
  2 dart slugs
  2 leopard geckos (D:3)
  4 orcs (D:3)
  A giant cockroach (D:1)
  4 goblins
  4 hobgoblins
  4 jackals (D:1)
  8 kobolds
  A ball python (D:1)
  6 bats (D:1)
  4 frilled lizards
  2 rats
52 creatures vanquished.

Notes
Turn   | Place    | Note
-------+----------+-------------------------------------------
     0 | D:1      | dngmouse the Draconian Transmuter began the quest for the Orb.
     0 | D:1      | Reached XP level 1. HP: 16/16 MP: 3/3
    92 | D:1      | Reached XP level 2. HP: 17/23 MP: 3/5
   183 | D:1      | Learned a level 2 spell: Sticks to Snakes
   494 | D:1      | Reached XP level 3. HP: 22/28 MP: 6/6
  1100 | D:2      | Reached skill level 4 in Unarmed Combat
  1205 | D:2      | Noticed Natasha
  1212 | D:2      | Killed Natasha
  1212 | D:2      | Reached XP level 4. HP: 33/35 MP: 4/7
  1676 | D:3      | Reached XP level 5. HP: 14/40 MP: 8/8
  1993 | D:3      | Slain by an adder

Skill      XL: |  1  2  3 |
---------------+----------+-----
Transmutations | 3 |  3.9
Unarmed Combat | 4 |  4.6
Fighting       | |  1.1
Dodging        | |  1.7
Spellcasting   | |  2.0

Action                   |  1- 3 |  4- 6 || total
-------------------------+-------+-------++-------
Melee: Unarmed           |   160 |    95 ||   255
       Tailslap          |     5 |    12 ||    17
       Punch             |     5 |     3 ||     8
       Headbutt          |     1 |       ||     1
 Cast: Beastly Appendage |     4 |     1 ||     5
  Use: Potion            |       |     2 ||     2
 Stab: Sleeping          |     3 |     1 ||     4
  Eat: Chunk             |     1 |     3 ||     4
Armor: Skin              |    47 |    24 ||    71
Dodge: Dodged            |    84 |    66 ||   150
